 Dungeon Crawl Stone Soup version 0.30-a0-883-g5ad918d77d (webtiles) character file.

Game seed: 9216598663243184453

42 Pimp the Ducker (level 3, -9/26 HPs)
             Began as a Demonspawn Wanderer on Mar 16, 2023.
             Mangled by a sleepcap (18 damage)
             ... on level 2 of the Dungeon.
             The game lasted 00:02:16 (1075 turns).

Pimp the Ducker (Demonspawn Wanderer)               Turns: 1075, Time: 00:02:17

Health: -9/26      AC:  3    Str: 12    XL:     3   Next: 35%
Magic:  6/6        EV:  2    Int: 16    God:
Gold:   108        SH:  0    Dex: 11    Spells: 5/6 levels left

rFire   . . .      SeeInvis .    a - +2 hand axe
rCold   . . .      Faith    .    (no shield)
rNeg    . . .      Spirit   .    d - +0 robe
rPois   .          Reflect  .    (no helmet)
rElec   .          Rampage  .    b - +0 cloak
rCorr   .                        (no gloves)
Will    .....                    (no boots)
Stlth   +                        (no amulet)
HPRegen 0.24/turn                (no ring)
MPRegen 0.10/turn                (no ring)

@: sleeping
A: foul stench 1
a: no special abilities


You were on level 2 of the Dungeon.
You visited 1 branch of the dungeon, and saw 2 of its levels.

You collected 108 gold pieces.

Inventory:

Hand Weapons
 a - a +2 hand axe (weapon)
Armour
 b - a +0 cloak (worn)
 d - a +0 robe (worn)
Scrolls
 c - 2 scrolls of fear
 f - a scroll of identify {unknown}
 h - a scroll of teleportation
 i - a scroll of brand weapon {unknown}
Potions
 e - a potion of brilliance {unknown}
 g - a potion of curing {unknown}


   Skills:
 + Level 1.4 Fighting
 + Level 2.9 Axes
 + Level 0.5 Armour
 + Level 2.9 Dodging
 + Level 2.2 Spellcasting
 + Level 1.1 Conjurations
 + Level 1.3 Air Magic


You had 5 spell levels left.
You knew the following spells:

 Your Spells              Type           Power      Damage    Failure   Level
a - Shock                 Conj/Air       20%        1d4       12%         1

Your spell library contained the following spells:

 Spells                   Type           Power      Damage    Failure   Level
 Mephitic Cloud           Conj/Pois/Air  4%         N/A       41%         3


Dungeon Overview and Level Annotations

Branches:
Dungeon (2/15)

Altars:
Wu Jian

Shops:
D:1 (


Innate Abilities, Weirdness & Mutations

You may rarely emit foul miasma when damaged in melee.


Message History

The sleepcap closely misses you.
You hit the sleepcap.
The sleepcap is moderately damaged.
The sleepcap releases spores at you.
You are engulfed in a cloud of soporific spores!
You fall asleep.
The sleepcap releases spores at you!
You wake up.
You are engulfed in a cloud of soporific spores!
You are unaffected.
You hit the sleepcap.
The sleepcap is heavily damaged.
The sleepcap releases spores at you.
You hit the sleepcap but do no damage.
The sleepcap is heavily damaged.
The sleepcap releases spores at you.
You are engulfed in a cloud of soporific spores!
You are unaffected.
You hit the sleepcap.
The sleepcap is heavily damaged.
The sleepcap closely misses you. The sleepcap completely misses you.
You hit the sleepcap.
The sleepcap is severely damaged.
The sleepcap closely misses you.
You hit the sleepcap.
The sleepcap is severely damaged.
The sleepcap barely misses you.
You hit the sleepcap but do no damage.
The sleepcap is severely damaged.
The sleepcap barely misses you.
You hit the sleepcap.
The sleepcap is almost destroyed.
The sleepcap closely misses you.
You hit the sleepcap but do no damage.
The sleepcap is almost destroyed.
The sleepcap releases spores at you.
You are engulfed in a cloud of soporific spores!
You fall asleep.
The sleepcap releases spores at you!!
Ouch! That really hurt!
You die...

#..).....##
#####.....## ..
##.......##
....###.........#
......'.........+
....###.>.......#
. ##.......##
##......#
#..@...# ##.f_..#
#........#
#.....##.#
#..#### # #...
.... ....


You could see a sleepcap.

Vanquished Creatures
  A dart slug (D:1)
  3 ball pythons (D:1)
  A bat (D:1)
  An endoplasm (D:1)
  A giant cockroach (D:1)
  7 goblins
  4 hobgoblins (D:1)
  4 jackals (D:1)
  A kobold (D:1)
  A quokka (D:1)
  4 frilled lizards (D:1)
  7 rats (D:1)
35 creatures vanquished.

Notes
Turn   | Place    | Note
-------+----------+-------------------------------------------
     0 | D:1      | Pimp the Demonspawn Wanderer began the quest for the Orb.
     0 | D:1      | Pimp set off with the following items: a +2 hand axe, a +0
                  | cloak, a scroll of fear, a +0 robe; and the following spell
                  | memorised: Shock; and the following spells available to
                  | memorise: Mephitic Cloud.
     0 | D:1      | Reached XP level 1. HP: 15/15 MP: 3/3
   251 | D:1      | Gained mutation: You may rarely emit foul miasma when
                  | damaged in melee. [demonic ancestry]
   251 | D:1      | Reached XP level 2. HP: 18/21 MP: 5/5
   600 | D:1      | Found Daguar's Weapon Shop.
   614 | D:1      | Reached skill level 1 in Conjurations
   623 | D:1      | Reached XP level 3. HP: 19/26 MP: 0/6
  1054 | D:2      | Found an ornate altar of the Wu Jian Council.
  1075 | D:2      | Mangled by a sleepcap

Illustrated notes

Levels and vault maps discovered:
D:1:      dpeg_arrival_ratfight, layout_loops_corners, serial_shops,
          nicolae_shop_waterfront, minivault_4, minmay_small_reverse_x
D:2:      layout_loops_corners, basic_altar, serial_shops,
          nicolae_shop_window_shopping, uniq_natasha

Skill      XL: |  1  2 |
---------------+-------+-----
Conjurations   | 1 |  1.1
Fighting       | |  1.4
Axes           | |  2.9
Armour         | |  0.5
Dodging        | |  2.9
Spellcasting   | |  2.2
Air Magic      | |  1.3

Action                     || total
---------------------------++-------
  Melee: Hand axe          ||    84
         Punch             ||     1
   Cast: Shock             ||    11
    Use: Scroll            ||     4
   Stab: Sleeping          ||     1
 Armour: Robe              ||    20
  Dodge: Dodged            ||    65

Table legend: (Time is in decaauts)
 A = Elapsed time spent in this place.
 B = Non-inter-level travel time spent in this place.
 C = Inter-level travel time spent in this place.
 D = Time resting spent in this place.
 E = Time spent auto-exploring this place.
 F = Levels seen in this place.
 G = Mean time per level.
                   A        B        C        D        E       F      G
               +--------+--------+--------+--------+--------+-----+--------+
         Total |   1090 |   1050 |     40 |     41 |    757 |   2 |  545.0 |
       Dungeon |   1090 |   1050 |     40 |     41 |    757 |   2 |  545.0 |
               +--------+--------+--------+--------+--------+-----+--------+

Top non-repeatable levels by time:
     D:1: 1047 daAuts
     D:2: 42 daAuts
